Tigers vs Penguins

Created - Sunday, October 11, 2015 at 02:50

Goals
1 2 3 T
Tigers 0 2 1 3
Penguins 0 1 0 1
Shots
1 2 3 T
Tigers 6 10 10 26
Penguins 12 8 10 30

1st period

No Goal

Penalties :
Carson McMillan (WBS) for Fighting (Major) at 5:56, Anthony Peluso (BRI) for Fighting (Major) at 5:56, Kyle Quincey (BRI) for Slashing (Double Minor) at 7:55

2nd period

1. Tigers , Patrick Kaleta 1 (Anthony Peluso) at 6:09
2. Penguins , FARMPLAYER2 1 (Ryan Spooner) at 8:41
3. Tigers , Brandon Bollig 1 (Ty Rattie) at 13:44 (PP)

Penalties :
Drew Bagnall (WBS) for Interference (Minor) at 3:41, Ty Rattie (BRI) for Boarding (Minor) at 11:00, Trevor Parkes (WBS) for Holding (Minor) at 11:55, Trevor Parkes (WBS) for Holding (Minor) at 14:25, Justin Vaive (WBS) for Hooking (Minor) at 19:19

3rd period

4. Tigers , Rene Bourque 1 (Cody McLeod, Kyle Quincey) at 0:09 (PP)

Penalties :
Cody McLeod (BRI) for Hooking (Minor) at 4:59

Goalie Stats

Cam Ward (BRI), 29 saves from 30 shots - (0.967), W, 2-0-0, 60:00 minutes
Martin Brodeur (WBS), 23 saves from 26 shots - (0.885), L, 1-1-0, 60:00 minutes

Players Stats for Tigers

Player Name              G  A  P  +/- PIM S  H  SB GA TA FO     MP     PP MP  PK MP  
------------------------------------------------------------------------------------
Adam Comrie              0  0  0   0  0   0  0  0  0  0  0/0     2:41   0:00   1:27 
Alexander Khokhlachev    0  0  0   0  0   3  1  0  1  0  4/10   14:35   2:43   0:00 
Anthony Peluso           0  1  1   1  5   2  0  0  1  0  0/0    12:34   0:00   0:01 
Brandon Bollig           1  0  1  -1  0   2  3  0  2  0  1/2    20:14   2:18   1:14 
Brandon Defazio          0  0  0   1  0   0  1  2  0  2  3/4    14:38   0:22   1:27 
Carter Rowney            0  0  0  -1  0   0  1  0  0  0  7/10   19:00   2:18   0:00 
Chandler Stephenson      0  0  0   0  0   0  0  0  0  0  0/1     1:59   0:00   1:03 
Cody McLeod              0  1  1   0  2   4  2  1  0  0  2/12   22:25   2:21   2:26 
Connor Carrick           0  0  0   1  0   0  4  2  0  2  0/0    26:24   2:29   4:18 
Harry Zolnierczyk        0  0  0   0  0   0  0  0  0  0  0/0     0:00   0:00   0:00 
Ian White                0  0  0   1  0   0  1  0  0  1  0/0    14:55   0:00   1:27 
Jordan Leopold           0  0  0  -1  0   0  1  0  0  1  0/0    25:03   3:04   3:05 
Kane Lafranchise         0  0  0   0  0   1  2  2  0  0  0/0    23:02   2:29   2:21 
Kyle Quincey             0  1  1  -1  4   4  2  2  1  4  0/0    28:03   3:04   1:08 
Patrick Kaleta           1  0  1   1  0   3  0  1  3  2  0/0    14:49   0:32   0:00 
Rene Bourque             1  0  1   0  0   3  2  0  3  0  1/2    22:10   2:43   4:12 
Ronalds Kenins           0  0  0   0  0   1  0  0  1  0  0/2     8:43   0:32   2:10 
Ty Rattie                0  1  1  -1  2   3  3  1  5  0  0/0    20:45   2:50   1:14 

Players Stats for Penguins

Player Name              G  A  P  +/- PIM S  H  SB GA TA FO     MP     PP MP  PK MP  
------------------------------------------------------------------------------------
Adam Clendening          0  0  0  -1  0   4  0  2  1  3  0/0    26:30   3:11   3:14 
Carson McMillan          0  0  0   0  5   0  0  0  0  1  3/6     7:48   0:00   0:00 
Charles Sarault          0  0  0   0  0   2  0  1  1  0  6/11   17:36   3:34   0:00 
Chris Butler             0  0  0   0  0   0  1  0  1  0  0/0     2:34   0:00   0:00 
Danny Biega              0  0  0  -1  0   3  4  1  1  1  0/0    24:32   3:11   3:14 
Drew Bagnall             0  0  0   0  2   0  1  0  2  0  0/0    12:51   0:00   0:00 
Dustin Gazley            0  0  0  -1  0   3  1  0  1  0  0/1    14:46   0:00   1:13 
FARMPLAYER2              1  0  1   1  0   3  0  0  4  1  0/1    20:00   3:19   3:34 
Garrett Meurs            0  0  0   0  0   0  1  0  1  1  0/0    12:45   0:00   0:00 
Jason Gregoire           0  0  0   0  0   0  0  0  0  0  0/0     0:41   0:00   0:00 
Jeff Schultz             0  0  0   0  0   1  4  1  0  1  0/0    25:18   3:42   2:19 
Justin Vaive             0  0  0   0  2   0  5  0  1  0  1/1    19:52   3:34   0:46 
Matt Mangene             0  0  0   1  0   0  0  0  0  0  0/0     9:00   0:00   0:00 
Philippe Cornet          0  0  0  -1  0   0  1  1  0  0  0/0    21:19   3:19   1:59 
Ryan Olsen               0  0  0   0  0   1  0  0  1  0  5/5    12:45   0:00   0:00 
Ryan Spooner             0  1  1   1  0   5  2  0  4  0  10/18  19:22   3:19   3:34 
Trevor Parkes            0  0  0   0  4   3  2  0  3  0  0/0    17:35   3:33   0:00 
Xavier Ouellet           0  0  0   1  0   5  0  2  4  2  0/0    28:04   3:42   2:19 

3 Stars

1 - Cam Ward (BRI)
2 - Patrick Kaleta (BRI)
3 - FARMPLAYER2 (WBS)

Power Play

Tigers - 2 on 4 Attempt(s) - 50.00%
Penguins - 0 on 4 Attempt(s) - 0.00%

Penalty Kill

Tigers - 4 on 4 Attempt(s) - 100.00% - Score 0 goal in Penalty Kill
Penguins - 2 on 4 Attempt(s) - 50.00% - Score 0 goal in Penalty Kill

Team Stat

Tigers - Hits : 23 - Faceoff Wins : 18 - Blocked Shots : 11 - Penalty Minutes : 13
Penguins - Hits : 22 - Faceoff Wins : 25 - Blocked Shots : 8 - Penalty Minutes : 13

Official

Referees : Unknown
Linesman : Unknown

Game Notes

Carson McMillan beats up Anthony Peluso at 5:56 of 1st period

Finance

Level 1 -- Attendance: 1566 (78.30%) -- Ticket Income $54,810
Level 2 -- Attendance: 779 (77.90%) -- Ticket Income $11,685
Total Attendance: 2345 (78.17%)
Total Ticket Income: $66,495
Other Income: $32,583
Total Income: $99,078

Tigers

5 vs 5 Forward 
   Center                   Left Wing                Right Wing               Time % Phy DF OF 
 1 Alexander Khokhlachev    Cody McLeod              Rene Bourque             35     1   2  2  
 2 Carter Rowney            Brandon Bollig           Ty Rattie                30     1   2  2  
 3 Cody McLeod              Patrick Kaleta           Anthony Peluso           22     1   2  2  
 4 Cody McLeod              Ronalds Kenins           Rene Bourque             13     1   2  2  

5 vs 5 Defense 
   Defense                  Defense                                           Time % Phy DF OF 
 1 Kyle Quincey             Jordan Leopold                                    35     1   2  2  
 2 Connor Carrick           Kane Lafranchise                                  30     1   2  2  
 3 Ian White                Kyle Quincey                                      22     1   2  2  
 4 Kyle Quincey             Jordan Leopold                                    13     1   2  2  

PowerPlay Forward 
   Center                   Left Wing                Right Wing               Time % Phy DF OF 
 1 Alexander Khokhlachev    Cody McLeod              Rene Bourque             60     1   2  2  
 2 Carter Rowney            Brandon Bollig           Ty Rattie                40     1   2  2  

PowerPlay Defense
   Defense                  Defense                                           Time % Phy DF OF 
 1 Kyle Quincey             Jordan Leopold                                    60     1   2  2  
 2 Connor Carrick           Kane Lafranchise                                  40     1   2  2  

Penalty Kill 4 Players Forward 
   Center                   Wing                     Time % Phy DF OF 
 1 Cody McLeod              Rene Bourque             60     1   2  2  
 2 Brandon Bollig           Ty Rattie                40     1   2  2  

Penalty Kill 4 Players Defense
   Defense                  Defense                  Time % Phy DF OF 
 1 Kyle Quincey             Jordan Leopold           60     1   2  2  
 2 Connor Carrick           Kane Lafranchise         40     1   2  2  

Penalty Kill - 3 Players Forward 
   Forward                                           Time % Phy DF OF 
 1 Cody McLeod                                       60     1   2  2  
 2 Rene Bourque                                      40     1   2  2  

Penalty Kill - 3 Players Defense
   Defense                  Defense                  Time % Phy DF OF 
 1 Kyle Quincey             Jordan Leopold           60     1   2  2  
 2 Connor Carrick           Kane Lafranchise         40     1   2  2  

4 vs 4 Forward 
   Center                   Wing                     Time % Phy DF OF 
 1 Cody McLeod              Rene Bourque             60     1   2  2  
 2 Brandon Bollig           Ty Rattie                40     1   2  2  

4 vs 4 Defense
   Defense                  Defense                  Time % Phy DF OF 
 1 Kyle Quincey             Jordan Leopold           60     1   2  2  
 2 Connor Carrick           Kane Lafranchise         40     1   2  2  

Last Minutes Offensive
   Center                   Left Wing                Right Wing               Defense                  Defense                  
   Alexander Khokhlachev    Cody McLeod              Rene Bourque             Kyle Quincey             Jordan Leopold           

Last Minutes Defensive
   Center                   Left Wing                Right Wing               Defense                  Defense                  
   Alexander Khokhlachev    Cody McLeod              Rene Bourque             Kyle Quincey             Jordan Leopold           

Goaltenders
Starting : Cam Ward                 
Backup : Scott Munroe             

Extra Forwards
Normal : Brandon Defazio, Patrick Kaleta, Ronalds Kenins - PP : Brandon Defazio, Patrick Kaleta - PK : Ronalds Kenins
Extra Defensemen
Normal : Ian White, Kyle Quincey, Connor Carrick - PP : Ian White - PK : Kyle Quincey, Connor Carrick
Penalty Shots
Cody McLeod, Rene Bourque, Brandon Bollig, Ty Rattie, Patrick Kaleta

Penguins

5 vs 5 Forward 
   Center                   Left Wing                Right Wing               Time % Phy DF OF 
 1 Ryan Spooner             FARMPLAYER2              Philippe Cornet          35     1   2  2  
 2 Charles Sarault          Justin Vaive             Trevor Parkes            30     1   2  2  
 3 Carson McMillan          Philippe Cornet          Matt Mangene             22     1   2  2  
 4 Ryan Olsen               Dustin Gazley            Garrett Meurs            13     1   2  2  

5 vs 5 Defense 
   Defense                  Defense                                           Time % Phy DF OF 
 1 Xavier Ouellet           Jeff Schultz                                      35     1   2  2  
 2 Adam Clendening          Danny Biega                                       30     1   2  2  
 3 Drew Bagnall             Xavier Ouellet                                    22     1   2  2  
 4 Jeff Schultz             Adam Clendening                                   13     1   2  2  

PowerPlay Forward 
   Center                   Left Wing                Right Wing               Time % Phy DF OF 
 1 Ryan Spooner             FARMPLAYER2              Philippe Cornet          60     1   2  2  
 2 Charles Sarault          Justin Vaive             Trevor Parkes            40     1   2  2  

PowerPlay Defense
   Defense                  Defense                                           Time % Phy DF OF 
 1 Xavier Ouellet           Jeff Schultz                                      60     1   2  2  
 2 Adam Clendening          Danny Biega                                       40     1   2  2  

Penalty Kill 4 Players Forward 
   Center                   Wing                     Time % Phy DF OF 
 1 Ryan Spooner             FARMPLAYER2              60     1   2  2  
 2 Philippe Cornet          Justin Vaive             40     1   2  2  

Penalty Kill 4 Players Defense
   Defense                  Defense                  Time % Phy DF OF 
 1 Xavier Ouellet           Jeff Schultz             60     1   2  2  
 2 Adam Clendening          Danny Biega              40     1   2  2  

Penalty Kill - 3 Players Forward 
   Forward                                           Time % Phy DF OF 
 1 Ryan Spooner                                      60     1   2  2  
 2 FARMPLAYER2                                       40     1   2  2  

Penalty Kill - 3 Players Defense
   Defense                  Defense                  Time % Phy DF OF 
 1 Xavier Ouellet           Jeff Schultz             60     1   2  2  
 2 Adam Clendening          Danny Biega              40     1   2  2  

4 vs 4 Forward 
   Center                   Wing                     Time % Phy DF OF 
 1 Ryan Spooner             FARMPLAYER2              60     1   2  2  
 2 Philippe Cornet          Justin Vaive             40     1   2  2  

4 vs 4 Defense
   Defense                  Defense                  Time % Phy DF OF 
 1 Xavier Ouellet           Jeff Schultz             60     1   2  2  
 2 Adam Clendening          Danny Biega              40     1   2  2  

Last Minutes Offensive
   Center                   Left Wing                Right Wing               Defense                  Defense                  
   Ryan Spooner             FARMPLAYER2              Philippe Cornet          Xavier Ouellet           Jeff Schultz             

Last Minutes Defensive
   Center                   Left Wing                Right Wing               Defense                  Defense                  
   Ryan Spooner             FARMPLAYER2              Philippe Cornet          Xavier Ouellet           Jeff Schultz             

Goaltenders
Starting : Martin Brodeur           
Backup : Dan Ellis                

Extra Forwards
Normal : Philippe Cornet, Matt Mangene, Dustin Gazley - PP : Philippe Cornet, Matt Mangene - PK : Dustin Gazley
Extra Defensemen
Normal : Drew Bagnall, Danny Biega, FARMPLAYER2 - PP : Drew Bagnall - PK : Danny Biega, FARMPLAYER2
Penalty Shots
Ryan Spooner, FARMPLAYER2, Matt Mangene, Justin Vaive, Philippe Cornet

% Time on Ice - Tigers

Lines # - Real PCT - Wanted PCT - Time Play
Normal Forward
1 - 28% - 35% - 12:48
2 - 36% - 30% - 16:42
3 - 28% - 22% - 12:52
4 - 9% - 13% - 4:08
Normal Defense
1 - 33% - 35% - 15:22
2 - 38% - 30% - 17:49
3 - 25% - 22% - 11:48
4 - 3% - 13% - 1:31
PP Forward
1 - 59% - 60% - 3:15
2 - 41% - 40% - 2:18
PP Defense
1 - 55% - 60% - 3:04
2 - 45% - 40% - 2:29
PK Forward
1 - 82% - 60% - 5:39
2 - 18% - 40% - 1:14
PK Defense
1 - 66% - 60% - 4:32
2 - 34% - 40% - 2:21
PK3 Forward
1 - 0% - 60%
2 - 0% - 40%
PK3 Defense
1 - 0% - 60%
2 - 0% - 40%
44 Forward
1 - 100% - 60% - 1:04
2 - 0% - 40% - 0:00
44 Defense
1 - 64% - 60% - 0:41
2 - 36% - 40% - 0:23
Last Minute Offensive  - 0:00
Last Minute Defensive  - 0:00
Total
Forward - 60:00
Defense - 60:00

% Time on Ice - Penguins

Lines # - Real PCT - Wanted PCT - Time Play
Normal Forward
1 - 26% - 35% - 11:54
2 - 30% - 30% - 14:02
3 - 17% - 22% - 7:49
4 - 27% - 13% - 12:45
Normal Defense
1 - 31% - 35% - 14:29
2 - 34% - 30% - 15:42
3 - 26% - 22% - 11:57
4 - 9% - 13% - 4:22
PP Forward
1 - 48% - 60% - 3:19
2 - 52% - 40% - 3:34
PP Defense
1 - 54% - 60% - 3:42
2 - 46% - 40% - 3:11
PK Forward
1 - 86% - 60% - 4:47
2 - 14% - 40% - 0:46
PK Defense
1 - 42% - 60% - 2:19
2 - 58% - 40% - 3:14
PK3 Forward
1 - 0% - 60%
2 - 0% - 40%
PK3 Defense
1 - 0% - 60%
2 - 0% - 40%
44 Forward
1 - 100% - 60% - 1:04
2 - 0% - 40% - 0:00
44 Defense
1 - 41% - 60% - 0:26
2 - 59% - 40% - 0:38
Last Minute Offensive  - 0:00
Last Minute Defensive  - 0:00
Total
Forward - 60:00
Defense - 60:00

Play by Play

1st period


0:01 of 1st period - Ryan Spooner wins face-off versus Alexander Khokhlachev in neutral zone.
0:18 of 1st period - Wrist shot by Ryan Spooner.
0:18 of 1st period - Stopped by Cam Ward with a rebound.
0:20 of 1st period - Snap shot by Xavier Ouellet.
0:20 of 1st period - Stopped by Cam Ward with a rebound.
0:22 of 1st period - Snap shot by Philippe Cornet.
0:22 of 1st period - Shot Blocked by Cody McLeod.
0:24 of 1st period - Backhand shot by Xavier Ouellet.
0:24 of 1st period - Stopped by Cam Ward with a rebound.
0:38 of 1st period - Icing by Kyle Quincey.
0:39 of 1st period - Charles Sarault wins face-off versus Alexander Khokhlachev in Tigers zone.
1:09 of 1st period - Adam Clendening is hit by Kyle Quincey.
1:13 of 1st period - Trevor Parkes is hit by Brandon Bollig and loses puck.
1:44 of 1st period - Snap shot by Patrick Kaleta.
1:44 of 1st period - Shot Blocked by Charles Sarault.
1:46 of 1st period - Wrist shot by Cody McLeod.
1:46 of 1st period - Stopped by Martin Brodeur with a rebound.
1:48 of 1st period - Snap shot by Cody McLeod.
1:48 of 1st period - Shot Misses the Net.
1:52 of 1st period - Snap shot by Cody McLeod.
1:52 of 1st period - Stopped by Martin Brodeur without a rebound.
1:53 of 1st period - Carson McMillan wins face-off versus Cody McLeod in Penguins zone.
2:04 of 1st period - Snap shot by Ronalds Kenins.
2:04 of 1st period - Deflect By Cody McLeod.
2:04 of 1st period - Shot Blocked by Xavier Ouellet.
2:04 of 1st period - Puck is out of play.
2:05 of 1st period - Cody McLeod wins face-off versus Carson McMillan in Penguins zone.
3:38 of 1st period - Patrick Kaleta is hit by Drew Bagnall and loses puck.
3:50 of 1st period - Brandon Defazio is hit by Ryan Spooner and loses puck.
4:25 of 1st period - Snap shot by Brandon Bollig.
4:25 of 1st period - Shot Blocked by Xavier Ouellet.
4:29 of 1st period - Snap shot by Ty Rattie.
4:29 of 1st period - Shot Misses the Net.
4:49 of 1st period - Ian White is hit by Justin Vaive and loses puck.
5:00 of 1st period - Slapshot by Adam Clendening.
5:00 of 1st period - Shot Misses the Net.
5:02 of 1st period - Wrist shot by Justin Vaive.
5:02 of 1st period - Deflect By Charles Sarault.
5:02 of 1st period - Deflect By Kyle Quincey.
5:02 of 1st period - Stopped by Cam Ward with a rebound.
5:53 of 1st period - Slapshot by Adam Clendening.
5:53 of 1st period - Deflect By Matt Mangene.
5:53 of 1st period - Shot Blocked by Ty Rattie.
5:53 of 1st period - Puck is out of play.
5:54 of 1st period - Brandon Defazio wins face-off versus Carson McMillan in Tigers zone.
5:56 of 1st period - Carson McMillan beats up Anthony Peluso.
5:56 of 1st period - Penalty to Carson McMillan for Fighting.
5:56 of 1st period - Penalty to Anthony Peluso for Fighting.
5:57 of 1st period - Charles Sarault wins face-off versus Cody McLeod in neutral zone.
6:00 of 1st period - Slapshot by Adam Clendening.
6:00 of 1st period - Deflect By Cody McLeod.
6:00 of 1st period - Stopped by Cam Ward with a rebound.
6:02 of 1st period - Wrist shot by Adam Clendening.
6:02 of 1st period - Shot Blocked by Kane Lafranchise.
6:04 of 1st period - Slapshot by Adam Clendening.
6:04 of 1st period - Deflect By Trevor Parkes.
6:04 of 1st period - Stopped by Cam Ward with a rebound.
6:06 of 1st period - Snap shot by Danny Biega.
6:06 of 1st period - Shot Misses the Net.
6:08 of 1st period - Snap shot by Charles Sarault.
6:08 of 1st period - Shot Blocked by Connor Carrick.
6:10 of 1st period - Slapshot by Adam Clendening.
6:10 of 1st period - Shot Hit the Post.
6:12 of 1st period - Slapshot by Adam Clendening.
6:12 of 1st period - Shot Misses the Net.
6:14 of 1st period - Wrist shot by Adam Clendening.
6:14 of 1st period - Shot Misses the Net.
6:16 of 1st period - Snap shot by Justin Vaive.
6:16 of 1st period - Shot Misses the Net.
7:08 of 1st period - Wrist shot by Rene Bourque.
7:08 of 1st period - Stopped by Martin Brodeur without a rebound.
7:09 of 1st period - Carter Rowney wins face-off versus Ryan Spooner in Penguins zone.
7:25 of 1st period - Icing by Kyle Quincey.
7:26 of 1st period - Ryan Spooner wins face-off versus Carter Rowney in Tigers zone.
7:34 of 1st period - Slapshot by FARMPLAYER2.
7:34 of 1st period - Stopped by Cam Ward with a rebound.
7:55 of 1st period - Double Minor Penalty to Kyle Quincey for Slashing.
7:56 of 1st period - Justin Vaive wins face-off versus Cody McLeod in Tigers zone.
8:08 of 1st period - Wrist shot by Danny Biega.
8:08 of 1st period - Stopped by Cam Ward with a rebound.
8:10 of 1st period - Slapshot by Danny Biega.
8:10 of 1st period - Shot Misses the Net.
8:12 of 1st period - Slapshot by Adam Clendening.
8:12 of 1st period - Stopped by Cam Ward with a rebound.
8:14 of 1st period - Wrist shot by Trevor Parkes.
8:14 of 1st period - Shot Blocked by Kane Lafranchise.
8:16 of 1st period - Wrist shot by Justin Vaive.
8:16 of 1st period - Shot Misses the Net.
8:30 of 1st period - Slapshot by Adam Clendening.
8:30 of 1st period - Deflect By Trevor Parkes.
8:30 of 1st period - Shot Misses the Net.
8:30 of 1st period - Puck is out of play.
8:31 of 1st period - Ryan Spooner wins face-off versus Cody McLeod in Tigers zone.
9:20 of 1st period - Slapshot by Danny Biega.
9:20 of 1st period - Shot Misses the Net.
9:26 of 1st period - Wrist shot by Xavier Ouellet.
9:26 of 1st period - Shot Blocked by Connor Carrick.
9:28 of 1st period - Slapshot by Jeff Schultz.
9:28 of 1st period - Stopped by Cam Ward with a rebound.
9:38 of 1st period - FARMPLAYER2 is hit by Brandon Bollig and loses puck.
10:07 of 1st period - Rene Bourque is hit by Justin Vaive and loses puck.
10:27 of 1st period - Icing by FARMPLAYER2.
10:28 of 1st period - Ryan Spooner wins face-off versus Ronalds Kenins in Penguins zone.
10:56 of 1st period - Penalty to Anthony Peluso is over, Anthony Peluso is back on ice.
11:27 of 1st period - FARMPLAYER2 is hit by Ian White and loses puck.
11:50 of 1st period - Slapshot by Xavier Ouellet.
11:50 of 1st period - Deflect By Trevor Parkes.
11:50 of 1st period - Shot Blocked by Brandon Defazio.
11:50 of 1st period - Puck is out of play.
11:51 of 1st period - Charles Sarault wins face-off versus Chandler Stephenson in Tigers zone.
11:55 of 1st period - Penalty to Kyle Quincey is over, Kyle Quincey is back on ice.
13:15 of 1st period - Backhand shot by Brandon Bollig.
13:15 of 1st period - Stopped by Martin Brodeur with a rebound.
13:23 of 1st period - Wrist shot by Ty Rattie.
13:23 of 1st period - Shot Misses the Net.
14:51 of 1st period - Slapshot by FARMPLAYER2.
14:51 of 1st period - Shot Misses the Net.
15:10 of 1st period - Justin Vaive is hit by Ty Rattie and loses puck.
15:35 of 1st period - Wrist shot by FARMPLAYER2.
15:35 of 1st period - Stopped by Cam Ward with a rebound.
16:03 of 1st period - Connor Carrick is hit by Chris Butler and loses puck.
16:52 of 1st period - Slapshot by Patrick Kaleta.
16:52 of 1st period - Shot Misses the Net.
16:54 of 1st period - Slapshot by Brandon Defazio.
16:54 of 1st period - Shot Misses the Net.
16:56 of 1st period - Snap shot by Patrick Kaleta.
16:56 of 1st period - Shot Misses the Net.
16:58 of 1st period - Snap shot by Jordan Leopold.
16:58 of 1st period - Shot Misses the Net.
17:00 of 1st period - Snap shot by Patrick Kaleta.
17:00 of 1st period - Stopped by Martin Brodeur with a rebound.
17:10 of 1st period - Wrist shot by Cody McLeod.
17:10 of 1st period - Shot Misses the Net.
17:18 of 1st period - Wrist shot by Anthony Peluso.
17:18 of 1st period - Stopped by Martin Brodeur without a rebound.
17:19 of 1st period - Ryan Olsen wins face-off versus Cody McLeod in Penguins zone.
17:32 of 1st period - Ryan Olsen is hit by Kane Lafranchise and loses puck.
18:01 of 1st period - Xavier Ouellet is hit by Connor Carrick and loses puck.
18:28 of 1st period - Slapshot by Jordan Leopold.
18:28 of 1st period - Shot Misses the Net.
18:38 of 1st period - Slapshot by Adam Clendening.
18:38 of 1st period - Deflect By Cody McLeod.
18:38 of 1st period - Stopped by Cam Ward with a rebound.
18:40 of 1st period - Wrist shot by Danny Biega.
18:40 of 1st period - Shot Misses the Net.
19:49 of 1st period - Danny Biega is hit by Alexander Khokhlachev.
Goals for this period are 0 for Tigers vs 0 for Penguins.
Shots for this period are 6 for Tigers vs 12 for Penguins.

2nd period


0:01 of 2nd period - Alexander Khokhlachev wins face-off versus Ryan Spooner in neutral zone.
0:12 of 2nd period - Alexander Khokhlachev is hit by Jeff Schultz and loses puck.
0:17 of 2nd period - Wrist shot by Ryan Spooner.
0:17 of 2nd period - Shot Blocked by Kyle Quincey.
0:33 of 2nd period - Wrist shot by Ryan Spooner.
0:33 of 2nd period - Shot Misses the Net.
1:05 of 2nd period - Brandon Bollig is hit by Justin Vaive and loses puck.
1:42 of 2nd period - Danny Biega is hit by Ty Rattie and loses puck.
2:04 of 2nd period - Cody McLeod is hit by Garrett Meurs and loses puck.
2:21 of 2nd period - Slapshot by Xavier Ouellet.
2:21 of 2nd period - Deflect By Dustin Gazley.
2:21 of 2nd period - Stopped by Cam Ward with a rebound.
2:23 of 2nd period - Slapshot by Ryan Olsen.
2:23 of 2nd period - Stopped by Cam Ward with a rebound.
2:25 of 2nd period - Snap shot by Garrett Meurs.
2:25 of 2nd period - Shot Blocked by Patrick Kaleta.
2:27 of 2nd period - Slapshot by Xavier Ouellet.
2:27 of 2nd period - Stopped by Cam Ward with a rebound.
2:29 of 2nd period - Snap shot by Xavier Ouellet.
2:29 of 2nd period - Shot Misses the Net.
3:41 of 2nd period - Minor Penalty to Drew Bagnall for Interference.
3:42 of 2nd period - Alexander Khokhlachev wins face-off versus Ryan Spooner in Penguins zone.
3:47 of 2nd period - Snap shot by Cody McLeod.
3:47 of 2nd period - Stopped by Martin Brodeur with a rebound.
5:10 of 2nd period - Danny Biega is hit by Kane Lafranchise and loses puck.
5:41 of 2nd period - Penalty to Drew Bagnall is over, Drew Bagnall is back on ice.
5:47 of 2nd period - Slapshot by Brandon Bollig.
5:47 of 2nd period - Shot Blocked by Philippe Cornet.
6:09 of 2nd period - Snap shot by Patrick Kaleta.
6:09 of 2nd period - Goal by Patrick Kaleta - Tigers : 1 - Penguins : 0.
6:10 of 2nd period - Cody McLeod wins face-off versus Charles Sarault in neutral zone.
6:42 of 2nd period - Connor Carrick is hit by Jeff Schultz and loses puck.
6:49 of 2nd period - Kyle Quincey is hit by Jeff Schultz and loses puck.
7:33 of 2nd period - Snap shot by Xavier Ouellet.
7:33 of 2nd period - Stopped by Cam Ward with a rebound.
7:35 of 2nd period - Slapshot by Carson McMillan.
7:35 of 2nd period - Shot Blocked by Kyle Quincey.
8:01 of 2nd period - Rene Bourque is hit by Justin Vaive and loses puck.
8:34 of 2nd period - Carter Rowney is hit by Ryan Spooner and loses puck.
8:39 of 2nd period - Wrist shot by Ryan Spooner.
8:39 of 2nd period - Stopped by Cam Ward without a rebound.
8:40 of 2nd period - Ryan Spooner wins face-off versus Carter Rowney in Tigers zone.
8:41 of 2nd period - Snap shot by FARMPLAYER2.
8:41 of 2nd period - Goal by FARMPLAYER2 - Tigers : 1 - Penguins : 1.
8:42 of 2nd period - Ryan Olsen wins face-off versus Cody McLeod in neutral zone.
8:53 of 2nd period - Slapshot by Xavier Ouellet.
8:53 of 2nd period - Shot Misses the Net.
9:02 of 2nd period - Off-side.
9:03 of 2nd period - Carter Rowney wins face-off versus Ryan Spooner in neutral zone.
9:23 of 2nd period - Snap shot by Ty Rattie.
9:23 of 2nd period - Shot Blocked by Jeff Schultz.
11:00 of 2nd period - Minor Penalty to Ty Rattie for Boarding.
11:01 of 2nd period - Charles Sarault wins face-off versus Cody McLeod in Tigers zone.
11:55 of 2nd period - Minor Penalty to Trevor Parkes for Holding.
11:56 of 2nd period - Brandon Defazio wins face-off versus Ryan Spooner in Penguins zone.
11:59 of 2nd period - Wrist shot by Rene Bourque.
11:59 of 2nd period - Shot Blocked by Danny Biega.
12:13 of 2nd period - Snap shot by Ryan Spooner.
12:13 of 2nd period - Stopped by Cam Ward without a rebound.
12:14 of 2nd period - Brandon Defazio wins face-off versus FARMPLAYER2 in Tigers zone.
12:32 of 2nd period - Connor Carrick is hit by Danny Biega and loses puck.
13:00 of 2nd period - Penalty to Ty Rattie is over, Ty Rattie is back on ice.
13:17 of 2nd period - Jeff Schultz is hit by Ty Rattie and loses puck.
13:38 of 2nd period - Snap shot by Ty Rattie.
13:38 of 2nd period - Shot Misses the Net.
13:40 of 2nd period - Snap shot by Ty Rattie.
13:40 of 2nd period - Stopped by Martin Brodeur with a rebound.
13:42 of 2nd period - Wrist shot by Ty Rattie.
13:42 of 2nd period - Shot Blocked by Adam Clendening.
13:44 of 2nd period - Snap shot by Brandon Bollig.
13:44 of 2nd period - Goal by Brandon Bollig - Tigers : 2 - Penguins : 1.
13:45 of 2nd period - Carter Rowney wins face-off versus Charles Sarault in neutral zone.
13:54 of 2nd period - Slapshot by Xavier Ouellet.
13:54 of 2nd period - Shot Misses the Net.
13:56 of 2nd period - Wrist shot by Charles Sarault.
13:56 of 2nd period - Stopped by Cam Ward with a rebound.
14:25 of 2nd period - Minor Penalty to Trevor Parkes for Holding.
14:26 of 2nd period - Ryan Spooner wins face-off versus Alexander Khokhlachev in Penguins zone.
14:40 of 2nd period - Snap shot by Alexander Khokhlachev.
14:40 of 2nd period - Stopped by Martin Brodeur without a rebound.
14:41 of 2nd period - Ryan Spooner wins face-off versus Alexander Khokhlachev in Penguins zone.
15:18 of 2nd period - Justin Vaive is hit by Carter Rowney and loses puck.
15:41 of 2nd period - Jeff Schultz is hit by Rene Bourque and loses puck.
15:53 of 2nd period - Icing by Cody McLeod.
15:54 of 2nd period - Carter Rowney wins face-off versus Dustin Gazley in Tigers zone.
16:25 of 2nd period - Penalty to Trevor Parkes is over, Trevor Parkes is back on ice.
16:54 of 2nd period - Off-side.
16:55 of 2nd period - Ryan Olsen wins face-off versus Brandon Defazio in neutral zone.
17:41 of 2nd period - Wrist shot by Ty Rattie.
17:41 of 2nd period - Stopped by Martin Brodeur without a rebound.
17:42 of 2nd period - Brandon Bollig wins face-off versus Carson McMillan in Penguins zone.
18:18 of 2nd period - Carson McMillan is hit by Connor Carrick and loses puck.
19:00 of 2nd period - Jeff Schultz is hit by Cody McLeod and loses puck.
19:07 of 2nd period - Snap shot by Anthony Peluso.
19:07 of 2nd period - Stopped by Martin Brodeur with a rebound.
19:09 of 2nd period - Slapshot by Kane Lafranchise.
19:09 of 2nd period - Stopped by Martin Brodeur with a rebound.
19:11 of 2nd period - Backhand shot by Patrick Kaleta.
19:11 of 2nd period - Shot Misses the Net.
19:13 of 2nd period - Snap shot by Cody McLeod.
19:13 of 2nd period - Shot Misses the Net.
19:19 of 2nd period - Minor Penalty to Justin Vaive for Hooking.
19:20 of 2nd period - Alexander Khokhlachev wins face-off versus Ryan Spooner in Penguins zone.
19:23 of 2nd period - Wrist shot by Alexander Khokhlachev.
19:23 of 2nd period - Shot Misses the Net.
19:25 of 2nd period - Wrist shot by Alexander Khokhlachev.
19:25 of 2nd period - Shot Misses the Net.
19:27 of 2nd period - Slapshot by Kyle Quincey.
19:27 of 2nd period - Shot Blocked by Adam Clendening.
19:29 of 2nd period - Wrist shot by Kyle Quincey.
19:29 of 2nd period - Stopped by Martin Brodeur with a rebound.
19:35 of 2nd period - Snap shot by Rene Bourque.
19:35 of 2nd period - Shot Misses the Net.
19:37 of 2nd period - Wrist shot by Cody McLeod.
19:37 of 2nd period - Stopped by Martin Brodeur with a rebound.
Goals for this period are 2 for Tigers vs 1 for Penguins.
Shots for this period are 10 for Tigers vs 8 for Penguins.

3rd period


0:01 of 3rd period - Ryan Spooner wins face-off versus Alexander Khokhlachev in neutral zone.
0:09 of 3rd period - Snap shot by Rene Bourque.
0:09 of 3rd period - Goal by Rene Bourque - Tigers : 3 - Penguins : 1.
0:10 of 3rd period - Ryan Spooner wins face-off versus Alexander Khokhlachev in neutral zone.
1:46 of 3rd period - Garrett Meurs is hit by Cody McLeod and loses puck.
1:55 of 3rd period - Adam Clendening is hit by Connor Carrick and loses puck.
2:10 of 3rd period - Cody McLeod is hit by Danny Biega and loses puck.
2:17 of 3rd period - Slapshot by Kyle Quincey.
2:17 of 3rd period - Stopped by Martin Brodeur with a rebound.
2:19 of 3rd period - Slapshot by Kyle Quincey.
2:19 of 3rd period - Stopped by Martin Brodeur with a rebound.
2:21 of 3rd period - Slapshot by Ian White.
2:21 of 3rd period - Deflect By Ronalds Kenins.
2:21 of 3rd period - Stopped by Martin Brodeur with a rebound.
3:34 of 3rd period - Snap shot by Kyle Quincey.
3:34 of 3rd period - Stopped by Martin Brodeur with a rebound.
4:19 of 3rd period - Wrist shot by Charles Sarault.
4:19 of 3rd period - Shot Misses the Net.
4:59 of 3rd period - Minor Penalty to Cody McLeod for Hooking.
5:00 of 3rd period - Ryan Spooner wins face-off versus Rene Bourque in Tigers zone.
5:33 of 3rd period - Snap shot by Trevor Parkes.
5:33 of 3rd period - Stopped by Cam Ward with a rebound.
5:35 of 3rd period - Slapshot by Danny Biega.
5:35 of 3rd period - Deflect By Jordan Leopold.
5:35 of 3rd period - Stopped by Cam Ward without a rebound.
5:36 of 3rd period - Rene Bourque wins face-off versus Charles Sarault in Tigers zone.
6:11 of 3rd period - Connor Carrick is hit by Danny Biega and loses puck.
6:27 of 3rd period - Slapshot by Xavier Ouellet.
6:27 of 3rd period - Stopped by Cam Ward with a rebound.
6:29 of 3rd period - Snap shot by Trevor Parkes.
6:29 of 3rd period - Stopped by Cam Ward without a rebound.
6:30 of 3rd period - Charles Sarault wins face-off versus Ronalds Kenins in Tigers zone.
6:59 of 3rd period - Penalty to Cody McLeod is over, Cody McLeod is back on ice.
7:14 of 3rd period - Patrick Kaleta is hit by Dustin Gazley and loses puck.
8:29 of 3rd period - Slapshot by Rene Bourque.
8:29 of 3rd period - Shot Misses the Net.
8:31 of 3rd period - Slapshot by Ian White.
8:31 of 3rd period - Deflect By Rene Bourque.
8:31 of 3rd period - Stopped by Martin Brodeur without a rebound.
8:32 of 3rd period - Ryan Olsen wins face-off versus Cody McLeod in Penguins zone.
9:09 of 3rd period - Patrick Kaleta is hit by Jeff Schultz and loses puck.
9:56 of 3rd period - Icing by Jordan Leopold.
9:57 of 3rd period - Carter Rowney wins face-off versus Charles Sarault in Tigers zone.
10:02 of 3rd period - Xavier Ouellet is hit by Brandon Bollig and loses puck.
10:24 of 3rd period - Icing by Cody McLeod.
10:25 of 3rd period - Ryan Olsen wins face-off versus Cody McLeod in Tigers zone.
10:40 of 3rd period - Dustin Gazley is hit by Connor Carrick and loses puck.
11:00 of 3rd period - Snap shot by Kyle Quincey.
11:00 of 3rd period - Deflect By Ty Rattie.
11:00 of 3rd period - Stopped by Martin Brodeur with a rebound.
11:04 of 3rd period - Wrist shot by Ty Rattie.
11:04 of 3rd period - Deflect By Brandon Bollig.
11:04 of 3rd period - Shot Misses the Net.
11:04 of 3rd period - Puck is out of play.
11:05 of 3rd period - Charles Sarault wins face-off versus Carter Rowney in Penguins zone.
12:13 of 3rd period - FARMPLAYER2 is hit by Kyle Quincey and loses puck.
12:37 of 3rd period - Wrist shot by Dustin Gazley.
12:37 of 3rd period - Stopped by Cam Ward with a rebound.
13:14 of 3rd period - Snap shot by Rene Bourque.
13:14 of 3rd period - Deflect By Ronalds Kenins.
13:14 of 3rd period - Shot Misses the Net.
13:14 of 3rd period - Puck is out of play.
13:15 of 3rd period - Carson McMillan wins face-off versus Cody McLeod in Penguins zone.
13:27 of 3rd period - Icing by Danny Biega.
13:28 of 3rd period - Carson McMillan wins face-off versus Brandon Bollig in Penguins zone.
13:33 of 3rd period - Kyle Quincey is hit by Danny Biega and loses puck.
13:40 of 3rd period - Kyle Quincey is hit by Philippe Cornet and loses puck.
14:09 of 3rd period - Kyle Quincey is hit by Trevor Parkes and loses puck.
14:34 of 3rd period - Slapshot by Alexander Khokhlachev.
14:34 of 3rd period - Stopped by Martin Brodeur with a rebound.
14:36 of 3rd period - Snap shot by Alexander Khokhlachev.
14:36 of 3rd period - Stopped by Martin Brodeur without a rebound.
14:37 of 3rd period - Alexander Khokhlachev wins face-off versus Ryan Spooner in Penguins zone.
14:48 of 3rd period - Snap shot by Ryan Spooner.
14:48 of 3rd period - Stopped by Cam Ward with a rebound.
14:50 of 3rd period - Slapshot by Ryan Spooner.
14:50 of 3rd period - Shot Blocked by Brandon Defazio.
14:56 of 3rd period - Slapshot by FARMPLAYER2.
14:56 of 3rd period - Deflect By Ryan Spooner.
14:56 of 3rd period - Stopped by Cam Ward without a rebound.
14:57 of 3rd period - Carter Rowney wins face-off versus Ryan Spooner in Tigers zone.
15:46 of 3rd period - Slapshot by Adam Clendening.
15:46 of 3rd period - Stopped by Cam Ward with a rebound.
15:48 of 3rd period - Snap shot by Dustin Gazley.
15:48 of 3rd period - Stopped by Cam Ward with a rebound.
15:58 of 3rd period - Slapshot by Danny Biega.
15:58 of 3rd period - Stopped by Cam Ward without a rebound.
15:59 of 3rd period - Carter Rowney wins face-off versus Charles Sarault in Tigers zone.
16:14 of 3rd period - Carter Rowney is hit by Justin Vaive and loses puck.
16:36 of 3rd period - Jeff Schultz is hit by Jordan Leopold and loses puck.
16:47 of 3rd period - Snap shot by Dustin Gazley.
16:47 of 3rd period - Shot Misses the Net.
17:45 of 3rd period - Xavier Ouellet is hit by Rene Bourque and loses puck.
17:58 of 3rd period - Charles Sarault is hit by Brandon Defazio and loses puck.
19:22 of 3rd period - Cody McLeod is hit by Trevor Parkes and loses puck.
19:35 of 3rd period - Snap shot by Patrick Kaleta.
19:35 of 3rd period - Stopped by Martin Brodeur with a rebound.
Goals for this period are 1 for Tigers vs 0 for Penguins.
Shots for this period are 10 for Tigers vs 10 for Penguins.